PL
MISSISSIPPI MOCKINGBIRDS @ SAN MATEO DIRTY REDS
07/02/2050
 
TOP OF THE 1ST
Mississippi Mockingbirds batting - Pitching for San Mateo Dirty Reds : RHP Jeremy Brody
Pitching: RHP Jeremy Brody
Batting: SHB John Richardson 0-0: Ball
1-0: Ball
2-0: Foul Ball, location: 2F
2-1: Ball
3-1: Swinging Strike
3-2: Strikes out looking
Batting: RHB Ricardo Ojíto 0-0: Called Strike
0-1: Ball
1-1: Foul Ball, location: 2F
1-2: Ball
2-2: Foul Ball, location: 2F
2-2: Strikes out swinging
Batting: RHB Mariano Juderías 0-0: Ball
1-0: Ball
2-0: Ball
3-0: Called Strike
3-1: Foul Ball, location: 2F
3-2: SOLO HOME RUN (Flyball, 7LD, EV 89.4 MPH), Distance : 330 ft
Batting: SHB Ai-de Lau 0-0: Ball
1-0: DOUBLE (Flyball, 89XD, EV 109.4 MPH)
Batting: RHB António Macías 0-0: Called Strike
0-1: Ground out 6-3 (Groundball, 6, EV 92.5 MPH)
Top of the 1st over - 1 run, 2 hits, 0 errors, 1 left on base; Mississippi 1 - San Mateo 0
BOTTOM OF THE 1ST
San Mateo Dirty Reds batting - Pitching for Mississippi Mockingbirds : RHP Noud Taaij
Pitching: RHP Noud Taaij
Batting: LHB Jae-seop Byeon 0-0: Called Strike
0-1: Ball
1-1: Fly out, F9 (Flyball, 89M, EV 91.2 MPH)
Batting: RHB Emílio Soto 0-0: SINGLE (Groundball, 4D, EV 103.1 MPH)
Batting: SHB Jae-woo Ohm 0-0: Hit by Pitch
Emílio Soto to second
Batting: LHB Matsusuke Saikawa 0-0: Ball
1-0: Ball
2-0: Ball
3-0: Called Strike
3-1: Swinging Strike
3-2: Foul Ball, location: 2F
3-2: Strikes out swinging
Batting: RHB Jorge Martínez 0-0: Fielders Choice at 2nd, 6-4 (Groundball, 6, EV 103.1 MPH)
Bottom of the 1st over - 0 runs, 1 hit, 0 errors, 2 left on base; Mississippi 1 - San Mateo 0
TOP OF THE 2ND
Mississippi Mockingbirds batting - Pitching for San Mateo Dirty Reds : RHP Jeremy Brody
Batting: RHB Terumoto Nakanishi 0-0: Called Strike
0-1: Ball
1-1: SINGLE (Groundball, 6S, EV 64.4 MPH) (infield hit)
Batting: RHB Yoshitora Nakayama 0-0: Ball
1-0: Called Strike
1-1: Fly out, F9 (Flyball, 89D, EV 99.4 MPH)
Batting: RHB Darrell MacGregor 0-0: Foul Ball, location: 2F
0-1: Ground out 4-3 (Groundball, 34, EV 101.2 MPH)
Terumoto Nakanishi to second
Batting: RHB Jorge Sánchez 0-0: Ball
1-0: SINGLE (Flyball, 89S, EV 93.1 MPH)
Terumoto Nakanishi to third
Runner from 3rd tries for Home, SAFE, throw by RF to home
Jorge Sánchez to second
Batting: SHB John Richardson 0-0: Ball
1-0: Ground out 4-3 (Groundball, 4M, EV 81.9 MPH)
Top of the 2nd over - 1 run, 2 hits, 0 errors, 1 left on base; Mississippi 2 - San Mateo 0
BOTTOM OF THE 2ND
San Mateo Dirty Reds batting - Pitching for Mississippi Mockingbirds : RHP Noud Taaij
Batting: LHB Esteban Sifuentes 0-0: Called Strike
0-1: Ball
1-1: Ball
2-1: Fly out, F7 (Flyball, 78S, EV 88.1 MPH)
Batting: SHB Rich Dalzell 0-0: Called Strike
0-1: Swinging Strike
0-2: Ground out 6-3 (Groundball, 6, EV 91.2 MPH)
Batting: RHB Kawenaula Alohalani 0-0: Called Strike
0-1: Foul Ball, location: 2F
0-2: Strikes out swinging
Bottom of the 2nd over - 0 runs, 0 hits, 0 errors, 0 left on base; Mississippi 2 - San Mateo 0
TOP OF THE 3RD
Mississippi Mockingbirds batting - Pitching for San Mateo Dirty Reds : RHP Jeremy Brody
Batting: RHB Ricardo Ojíto 0-0: Ball
1-0: Foul Ball, location: 2F
1-1: Fly out, F6 (Popup, P, EV 73.8 MPH)
Batting: RHB Mariano Juderías 0-0: Ball
1-0: Called Strike
1-1: Swinging Strike
1-2: Ball
2-2: Foul Ball, location: 2F
2-2: Strikes out swinging
Batting: SHB Ai-de Lau 0-0: Ball
1-0: Ball
2-0: Ball
3-0: Called Strike
3-1: Foul Ball, location: 2F
3-2: Base on Balls
Batting: RHB António Macías 0-0: Called Strike
0-1: Called Strike
0-2: Ball
1-2: Ball
2-2: Ground out 5-3 (Groundball, 56, EV 110.0 MPH)
Top of the 3rd over - 0 runs, 0 hits, 0 errors, 1 left on base; Mississippi 2 - San Mateo 0
BOTTOM OF THE 3RD
San Mateo Dirty Reds batting - Pitching for Mississippi Mockingbirds : RHP Noud Taaij
Batting: RHB Cleaver Greene 0-0: Ball
1-0: Ball
2-0: Ball
3-0: Called Strike
3-1: Fly out, F9 (Flyball, 9LSF, EV 88.1 MPH)
Batting: LHB Jae-seop Byeon 0-0: Ball
1-0: Foul Ball, location: 2F
1-1: Ball
2-1: Ball
3-1: Foul Ball, location: 2F
3-2: Strikes out swinging
Batting: RHB Emílio Soto 0-0: Called Strike
0-1: Ball
1-1: Foul Ball, location: 2F
1-2: Ball
2-2: Strikes out swinging
Bottom of the 3rd over - 0 runs, 0 hits, 0 errors, 0 left on base; Mississippi 2 - San Mateo 0
TOP OF THE 4TH
Mississippi Mockingbirds batting - Pitching for San Mateo Dirty Reds : RHP Jeremy Brody
Batting: RHB Terumoto Nakanishi 0-0: Ball
1-0: SINGLE (Groundball, 6D, EV 105.0 MPH)
Batting: RHB Yoshitora Nakayama 0-0: Called Strike
0-1: Fly out, F4 (Popup, 4D, EV 64.4 MPH)
Batting: RHB Darrell MacGregor 0-0: Called Strike
0-1: Ball
1-1: Foul Ball, location: 2F
1-2: Ground out 6-3 (Groundball, 6S, EV 71.2 MPH)
Terumoto Nakanishi to second
Batting: RHB Jorge Sánchez 0-0: Called Strike
0-1: Ball
1-1: SINGLE (Groundball, 56D, EV 98.8 MPH)
Terumoto Nakanishi to third
Runner from 3rd tries for Home, throw by LF and OUT! 7-2
Top of the 4th over - 0 runs, 2 hits, 0 errors, 1 left on base; Mississippi 2 - San Mateo 0
BOTTOM OF THE 4TH
San Mateo Dirty Reds batting - Pitching for Mississippi Mockingbirds : RHP Noud Taaij
Batting: SHB Jae-woo Ohm 0-0: Called Strike
0-1: Ball
1-1: Ball
2-1: DOUBLE (Flyball, 8RXD, EV 106.2 MPH)
Batting: LHB Matsusuke Saikawa 0-0: Ball
1-0: Foul Ball, location: 2F
1-1: Foul Ball, location: 2F
1-2: Foul Ball, location: 2F
1-2: Strikes out swinging
Batting: RHB Jorge Martínez 0-0: Ball
1-0: Ground out 6-3 (Groundball, 6, EV 81.2 MPH)
Batting: LHB Esteban Sifuentes 0-0: Ball
1-0: Ball
2-0: Foul Ball, location: 2F
2-1: Swinging Strike
2-2: Ball
3-2: Base on Balls
Batting: SHB Rich Dalzell 0-0: Ball
1-0: Called Strike
1-1: Swinging Strike
1-2: Strikes out swinging
Bottom of the 4th over - 0 runs, 1 hit, 0 errors, 2 left on base; Mississippi 2 - San Mateo 0
TOP OF THE 5TH
Mississippi Mockingbirds batting - Pitching for San Mateo Dirty Reds : RHP Jeremy Brody
Batting: SHB John Richardson 0-0: Called Strike
0-1: Swinging Strike
0-2: Ball
1-2: Ball
2-2: Strikes out swinging
Batting: RHB Ricardo Ojíto 0-0: SINGLE (Groundball, 34D, EV 95.0 MPH)
Batting: RHB Mariano Juderías 0-0: Called Strike
0-1: Swinging Strike
0-2: Ball
1-2: Ball
2-2: Foul Ball, location: 2F
2-2: Fielders Choice at 2nd, 5-4 (Groundball, 56, EV 103.1 MPH)
Batting: SHB Ai-de Lau 0-0: Swinging Strike
0-1: Ball
1-1: Ball
2-1: Foul Ball, location: 2F
2-2: Ball
3-2: SINGLE (Line Drive, 9S, EV 96.2 MPH)
Mariano Juderías to second
Mariano Juderías to third
Batting: RHB António Macías 0-0: Called Strike
0-1: Ground out 4-3 (Groundball, 4, EV 89.4 MPH)
Top of the 5th over - 0 runs, 2 hits, 0 errors, 2 left on base; Mississippi 2 - San Mateo 0
BOTTOM OF THE 5TH
San Mateo Dirty Reds batting - Pitching for Mississippi Mockingbirds : RHP Noud Taaij
Batting: RHB Kawenaula Alohalani 0-0: Called Strike
0-1: Fly out, F7 (Flyball, 7, EV 78.1 MPH)
Batting: RHB Cleaver Greene 0-0: Foul Ball, location: 2F
0-1: Called Strike
0-2: Ball
1-2: Fly out, F7 (Line Drive, 78S, EV 106.2 MPH)
Batting: LHB Jae-seop Byeon 0-0: Ball
1-0: Ball
2-0: Ball
3-0: Base on Balls
Batting: RHB Emílio Soto 0-0: Ball
1-0: Ball
2-0: Ball
3-0: Called Strike
3-1: Fielders Choice at 2nd, 5-4 (Groundball, 56, EV 88.8 MPH)
Bottom of the 5th over - 0 runs, 0 hits, 0 errors, 1 left on base; Mississippi 2 - San Mateo 0
TOP OF THE 6TH
Mississippi Mockingbirds batting - Pitching for San Mateo Dirty Reds : RHP Jeremy Brody
Batting: RHB Terumoto Nakanishi 0-0: Ground out U3 (Groundball, 3, EV 86.9 MPH)
Batting: RHB Yoshitora Nakayama 0-0: Foul Ball, location: 2F
0-1: DOUBLE (Line Drive, 89M, EV 90.6 MPH)
Batting: RHB Darrell MacGregor 0-0: SINGLE (Line Drive, 89S, EV 100.6 MPH)
Yoshitora Nakayama to third
Runner from 3rd tries for Home, SAFE, throw by CF to home
Batting: RHB Jorge Sánchez Pickoff Throw to First - Out! 1-3
0-0: Called Strike
0-1: Foul Ball, location: 2F
0-2: Foul Ball, location: 2F
0-2: Fly out, F8 (Flyball, 8LD, EV 93.8 MPH)
Top of the 6th over - 1 run, 2 hits, 0 errors, 0 left on base; Mississippi 3 - San Mateo 0
BOTTOM OF THE 6TH
San Mateo Dirty Reds batting - Pitching for Mississippi Mockingbirds : RHP Noud Taaij
Batting: SHB Jae-woo Ohm 0-0: SINGLE (Groundball, 34D, EV 96.9 MPH)
Batting: LHB Matsusuke Saikawa 0-0: Foul Ball, location: 2F
0-1: Ball
1-1: Grounds into double play, 4-6-3 (Groundball, 4, EV 88.8 MPH)
Batting: RHB Jorge Martínez 0-0: Called Strike
0-1: Called Strike
0-2: Foul Ball, location: 2F
0-2: Strikes out swinging
Bottom of the 6th over - 0 runs, 1 hit, 0 errors, 0 left on base; Mississippi 3 - San Mateo 0
TOP OF THE 7TH
Mississippi Mockingbirds batting - Pitching for San Mateo Dirty Reds : RHP Jeremy Brody
Batting: SHB John Richardson 0-0: Foul Ball, location: 2F
0-1: Foul Ball, location: 2F
0-2: Ball
1-2: Strikes out swinging, 2-3 out at first.
Batting: RHB Ricardo Ojíto 0-0: Ground out 4-3 (Groundball, 4M, EV 104.4 MPH)
Batting: RHB Mariano Juderías 0-0: Ball
1-0: Called Strike
1-1: Ball
2-1: Ball
3-1: Called Strike
3-2: Fly out, F7 (Flyball, 7, EV 86.9 MPH)
Top of the 7th over - 0 runs, 0 hits, 0 errors, 0 left on base; Mississippi 3 - San Mateo 0
BOTTOM OF THE 7TH
San Mateo Dirty Reds batting - Pitching for Mississippi Mockingbirds : RHP Noud Taaij
Batting: LHB Esteban Sifuentes 0-0: Ball
1-0: Called Strike
1-1: Called Strike
1-2: Ball
2-2: Ball
3-2: Base on Balls
Batting: SHB Rich Dalzell 0-0: Foul Ball, location: 2F
0-1: Called Strike
0-2: Ball
1-2: Foul Ball, location: 2F
1-2: Strikes out swinging
Batting: RHB Kawenaula Alohalani 0-0: Called Strike
0-1: Ball
1-1: Swinging Strike
1-2: Ball
2-2: Strikes out swinging
Batting: RHB Cleaver Greene 0-0: Called Strike
0-1: DOUBLE (Line Drive, 7LD, EV 97.5 MPH)
Esteban Sifuentes to third
Runner from 3rd tries for Home, SAFE, no throw by LF
Batting: LHB Jae-seop Byeon 0-0: Ball
1-0: Ball
2-0: Ball
3-0: Base on Balls
Pinch Hitting: LHB Quitério Ruah 0-0: Called Strike
0-1: Ball
1-1: Ball
2-1: Called Strike
2-2: Foul Ball, location: 2F
2-2: Foul Ball, location: 2F
2-2: Strikes out looking
Bottom of the 7th over - 1 run, 1 hit, 0 errors, 2 left on base; Mississippi 3 - San Mateo 1
TOP OF THE 8TH
Mississippi Mockingbirds batting - Pitching for San Mateo Dirty Reds : RHP Jeremy Brody
Now at 2B: Melvin Thomas
Batting: SHB Ai-de Lau 0-0: Called Strike
0-1: Foul Ball, location: 2F
0-2: Fly out, F4 (Popup, 3S, EV 80.0 MPH)
Batting: RHB António Macías 0-0: Ball
1-0: Called Strike
1-1: Swinging Strike
1-2: Ball
2-2: Strikes out swinging
Batting: RHB Terumoto Nakanishi 0-0: Swinging Strike
0-1: Called Strike
0-2: Ground out 4-3 (Groundball, 4M, EV 103.1 MPH)
Top of the 8th over - 0 runs, 0 hits, 0 errors, 0 left on base; Mississippi 3 - San Mateo 1
BOTTOM OF THE 8TH
San Mateo Dirty Reds batting - Pitching for Mississippi Mockingbirds : RHP Noud Taaij
Pitching: RHP Amin Yahouse
Batting: SHB Jae-woo Ohm 0-0: Called Strike
0-1: Ball
1-1: SINGLE (Line Drive, 9S, EV 110.0 MPH)
Batting: LHB Matsusuke Saikawa 0-0: Swinging Strike
0-1: Swinging Strike
0-2: Foul Ball, location: 2F
0-2: Strikes out swinging
Batting: RHB Jorge Martínez 0-0: Ball
1-0: Called Strike
1-1: Called Strike
1-2: Strikes out looking
Batting: LHB Esteban Sifuentes 0-0: Foul Ball, location: 2F
0-1: Called Strike
0-2: Strikes out swinging
Bottom of the 8th over - 0 runs, 1 hit, 0 errors, 1 left on base; Mississippi 3 - San Mateo 1
TOP OF THE 9TH
Mississippi Mockingbirds batting - Pitching for San Mateo Dirty Reds : RHP Jeremy Brody
Pitching: RHP Michael Donovan
Batting: RHB Yoshitora Nakayama 0-0: Ground out 6-3 (Groundball, 6, EV 85.6 MPH)
Batting: RHB Darrell MacGregor 0-0: Ball
1-0: Ball
2-0: Foul Ball, location: 2F
2-1: SINGLE (Groundball, 6MD, EV 103.8 MPH)
Batting: RHB Jorge Sánchez 0-0: Ball
1-0: Swinging Strike
1-1: Foul Ball, location: 2F
1-2: Strikes out looking
Batting: SHB John Richardson 0-0: Ball
Darrell MacGregor is caught stealing 2nd base 2-6
Top of the 9th over - 0 runs, 1 hit, 0 errors, 0 left on base; Mississippi 3 - San Mateo 1
BOTTOM OF THE 9TH
San Mateo Dirty Reds batting - Pitching for Mississippi Mockingbirds : RHP Amin Yahouse
Batting: SHB Rich Dalzell 0-0: Fly out, F8 (Flyball, 8LM, EV 88.8 MPH)
Batting: RHB Kawenaula Alohalani 0-0: Fly out, F7 (Line Drive, 7S, EV 89.4 MPH)
Batting: RHB Cleaver Greene 0-0: Ball
1-0: Fly out, F8 (Flyball, 8LD, EV 101.2 MPH)
Bottom of the 9th over - 0 runs, 0 hits, 0 errors, 0 left on base; Mississippi 3 - San Mateo 1
Friday, March 31st , 2023 - OOTP Baseball 23.10 Build 110